[Event "ICC tourney 1979 (3 2)"]
[Site "Internet Chess Club"]
[Date "2020.08.28"]
[Round "6"]
[White "AJRChess2011"]
[Black "cjcardoso"]
[Result "0-1"]
[ICCResult "White checkmated"]
[WhiteElo "1362"]
[BlackElo "1417"]
[Opening "Caro-Kann: advance variation"]
[ECO "B12"]
[NIC "CK.04"]
[Time "21:03:34"]
[TimeControl "180+2"]

1. e4 c6 2. d4 d5 3. e5 Bf5 4. Nf3 e6 5. h4 h6 6. Bd3 Bxd3 7. Qxd3 Ne7 8.
Bd2 c5 9. dxc5 Nec6 10. Qb5 Qc7 11. O-O a6 12. Qe2 Bxc5 13. Nc3 Nd7 14. Bf4
Nd4 15. Nxd4 Bxd4 16. Rfe1 Bxc3 17. bxc3 Qxc3 18. Rab1 b5 19. Qg4 Ke7 20.
Qe2 Nb6 21. Bd2 Qc7 22. Bb4+ Kd7 23. Bd6 Qc4 24. Qf3 f6 25. Qg3 Rag8 26. Re3
Qxc2 27. Rbe1 Nc4 28. R3e2 Qf5 29. Bc5 fxe5 30. Rc2 g5 31. hxg5 Rxg5 32. Qh4
Rhg8 33. g3 Qf3 34. Re3 Qd1+ 35. Kg2 Nxe3+ 36. fxe3 Qxc2+ 37. Kf3 Qe4+ 38.
Qxe4 dxe4+ 39. Kxe4 Kc6 40. Bb4 Rxg3 41. Kd3 R8g4 42. Bc3 Rc4 43. Bxe5 Rgg4
44. Bd4 h5 45. Ke2 h4 46. Kf3 h3 47. Kxg4 h2 48. Kg3 h1=Q 49. Kf4 Qd5 50.
Kg3 Rxd4 51. exd4 Qxd4 52. Kf3 Kd5 53. Ke2 Ke4 54. Ke1 Qb2 55. Kd1 Kd3 56.
Ke1 Qe2# {White checkmated} 0-1

[Event "ICC tourney 1979 (3 2)"]
[Site "Internet Chess Club"]
[Date "2020.08.28"]
[Round "6"]
[White "OctopusYule"]
[Black "Kinawa"]
[Result "1-0"]
[ICCResult "Black checkmated"]
[WhiteElo "1615"]
[BlackElo "1523"]
[Opening "Caro-Kann: Steinitz variation"]
[ECO "B17"]
[NIC "CK.08"]
[Time "21:03:37"]
[TimeControl "180+2"]

1. e4 c6 2. d4 d5 3. Nc3 dxe4 4. Nxe4 Nd7 5. Nf3 Ngf6 6. Nxf6+ Nxf6 7. c3
Bg4 8. Be2 Qc7 9. h3 Bh5 10. Ne5 Bxe2 11. Qxe2 e6 12. O-O Bd6 13. Bf4 O-O
14. Bg3 Nd7 15. Rfe1 Nxe5 16. Bxe5 Bxe5 17. Qxe5 Qxe5 18. Rxe5 Rad8 19. f3
Rd5 20. Rae1 g6 21. Kf2 Rfd8 22. R1e3 Kg7 23. f4 Rxe5 24. fxe5 Rd5 25. Re2
f6 26. exf6+ Kxf6 27. g4 e5 28. dxe5+ Rxe5 29. Rd2 Re7 30. Kf3 Kg5 31. Kg3
Re3+ 32. Kg2 Re7 33. Kg3 Re3+ 34. Kg2 Re7 35. Rf2 h5 36. gxh5 gxh5 37. c4 h4
38. b3 Rd7 39. Re2 Rf7 40. Rd2 Re7 41. Rf2 Rd7 42. Re2 Rf7 43. Kh2 Rd7 44.
Rc2 Re7 45. Kg2 Rf7 46. Rd2 Re7 47. Kf3 Kf5 48. Kg2 Kg5 49. Rf2 Rd7 50. Kh2
Re7 51. Kg2 Rd7 52. Re2 Rf7 53. a3 a6 54. Re5+ Rf5 55. Rxf5+ Kxf5 56. Kf3 b5
57. cxb5 cxb5 58. b4 Kg5 59. Ke4 Kh5 60. Kf4 Kg6 61. Kg4 Kh6 62. Kxh4 Kg6
63. Kg4 Kh6 64. h4 Kg6 65. h5+ Kh6 66. Kh4 Kh7 67. Kg5 Kg7 68. h6+ Kh7 69.
Kh5 Kh8 70. Kg6 Kg8 71. h7+ Kh8 72. Kf6 Kxh7 73. Ke6 Kg6 74. Kd6 Kf5 75. Kc6
Ke5 76. Kb6 Kd5 77. Kxa6 Kc4 78. Ka5 Kb3 79. Kxb5 Kxa3 80. Ka5 Kb3 81. b5
Kc4 82. b6 Kc5 83. Ka6 Kc6 84. Ka7 Kd5 85. b7 Ke4 86. b8=Q Kf3 87. Qe5 Kf2
88. Kb6 Kf3 89. Kc5 Kf2 90. Kd4 Kf3 91. Qe4+ Kg3 92. Qf5 Kg2 93. Qf4 Kg1 94.
Qf3 Kh2 95. Qg4 Kh1 96. Ke3 Kh2 97. Kf2 Kh1 98. Qh3# {Black checkmated} 1-0

[Event "ICC tourney 1979 (3 2)"]
[Site "Internet Chess Club"]
[Date "2020.08.28"]
[Round "7"]
[White "stgummadi"]
[Black "kushagra12"]
[Result "0-1"]
[ICCResult "White resigns"]
[WhiteElo "1062"]
[BlackElo "1321"]
[Opening "Sicilian: Pelikan (Lasker/Sveshnikov) variation"]
[ECO "B33"]
[NIC "SI.35"]
[Time "21:32:32"]
[TimeControl "180+2"]

1. e4 c5 2. Nf3 Nc6 3. d4 cxd4 4. Nxd4 Nf6 5. Nc3 e5 6. Nf3 Bb4 7. Bd3 d5 8.
O-O Bxc3 9. bxc3 dxe4 10. Bxe4 Qxd1 11. Bxc6+ bxc6 12. Rxd1 e4 13. Re1 O-O
14. Nd2 Bf5 15. f3 exf3 16. Nxf3 Bxc2 17. Be3 Be4 18. Nd2 Bg6 19. Rab1 Bxb1
{White resigns}
0-1

[Event "ICC tourney 1979 (3 2)"]
[Site "Internet Chess Club"]
[Date "2020.08.28"]
[Round "7"]
[White "chessrex"]
[Black "PearsonH"]
[Result "1-0"]
[ICCResult "Black checkmated"]
[WhiteElo "1958"]
[BlackElo "1433"]
[Opening "French: Alapin variation"]
[ECO "C01"]
[NIC "QO.17"]
[Time "21:32:41"]
[TimeControl "180+2"]

1. d4 e6 2. e4 d5 3. Be3 dxe4 4. Nd2 Nf6 5. f3 exf3 6. Ngxf3 b6 7. Bd3 Bb7
8. O-O Nbd7 9. Qe1 c5 10. c3 Nd5 11. Bg5 Be7 12. Qg3 cxd4 13. cxd4 Bxg5 14.
Nxg5 N7f6 15. Bb5+ Ke7 16. Qa3+ Qd6 17. Qxd6+ Kxd6 18. Nxf7+ Ke7 19. Nxh8
Rxh8 20. Rac1 Ne3 21. Rc7+ Kd6 22. Rxb7 Nxf1 23. Nxf1 g6 24. Rxa7 Rc8 25.
Rf7 Nd5 26. Rd7# {Black checkmated} 1-0

[Event "ICC tourney 1979 (3 2)"]
[Site "Internet Chess Club"]
[Date "2020.08.28"]
[Round "7"]
[White "Snowzera"]
[Black "CastledQueen"]
[Result "0-1"]
[ICCResult "White checkmated"]
[WhiteElo "1204"]
[BlackElo "1473"]
[Opening "QP counter-gambit (elephant gambit)"]
[ECO "C40"]
[NIC "KP.10"]
[Time "21:32:40"]
[TimeControl "180+2"]

1. e4 e5 2. Nf3 d5 3. exd5 e4 4. Ne5 Qxd5 5. d4 exd3 6. Nxd3 Nf6 7. Qe2+ Be7
8. Nc3 Qd8 9. Bg5 O-O 10. Bxf6 Bxf6 11. Qd2 Re8+ 12. Be2 Bg4 13. O-O Bxc3
14. Qxc3 Rxe2 15. f3 Be6 16. Rae1 Rxe1 17. Rxe1 Nc6 18. Nf4 Qd4+ 19. Qxd4
Nxd4 20. c3 Nc2 21. Rc1 Ne3 22. Nxe6 fxe6 23. Re1 Nc4 24. Rxe6 Nxb2 25. Re7
Rc8 26. Re2 Na4 27. c4 Nc3 28. Rc2 Nd1 29. h3 Re8 30. Kh2 Ne3 31. Re2 Nf1+
32. Kg1 Rxe2 33. Kxf1 Rxa2 34. Kg1 Rc2 35. Kh2 Rxc4 36. Kg3 b5 37. f4 b4 38.
f5 b3 39. f6 gxf6 40. h4 b2 41. h5 b1=Q 42. h6 Qe1+ 43. Kh2 Rh4#
{White checkmated}
0-1

[Event "ICC tourney 1979 (3 2)"]
[Site "Internet Chess Club"]
[Date "2020.08.28"]
[Round "7"]
[White "ChessMonkey123"]
[Black "Chesschamp27"]
[Result "0-1"]
[ICCResult "White resigns"]
[WhiteElo "1359"]
[BlackElo "1487"]
[Opening "French: exchange variation"]
[ECO "C01"]
[NIC "FR.01"]
[Time "21:32:39"]
[TimeControl "180+2"]

1. e4 e6 2. d4 d5 3. exd5 exd5 4. c4 dxc4 5. Bxc4 Nc6 6. Nf3 Bg4 7. Be3 Nf6
8. Nc3 Bb4 9. d5 Ne5 10. Bb5+ c6 11. dxc6 Qxd1+ 12. Rxd1 Nxc6 13. Ke2 O-O
14. h3 Bh5 15. g4 Bg6 16. Rdg1 Bxc3 17. bxc3 Ne4 18. Bd4 Nxd4+ 19. cxd4 Nc3+
20. Ke1 Nxb5 21. h4 Rfe8+ 22. Kd2 Be4 23. Rg3 Nxd4 24. Nxd4 Bxh1 25. h5 Bd5
26. Nf5 Bxa2 27. g5 Rad8+ 28. Kc3 Be6 29. Nh4 Rc8+ 30. Kd2 Red8+ 31. Ke3
Rc3+ 32. Kf4 Rd4+ 33. Ke5 Rxg3 34. fxg3 Rd5+ 35. Kf4 a5 36. g6 fxg6 37. hxg6
h6 38. Nf3 a4 39. Ne5 Rxe5 40. Kxe5 a3 41. Kxe6 a2 42. Kd7 a1=Q 43. Kc7 Qf6
44. Kxb7 Qxg6 {White resigns} 0-1

[Event "ICC tourney 1979 (3 2)"]
[Site "Internet Chess Club"]
[Date "2020.08.28"]
[Round "7"]
[White "stephenwilly"]
[Black "weakfish"]
[Result "1-0"]
[ICCResult "Black forfeits on time"]
[WhiteElo "1488"]
[BlackElo "1301"]
[Opening "Caro-Kann: anti-anti-Caro-Kann defense"]
[ECO "B10"]
[NIC "CK.01"]
[Time "21:32:36"]
[TimeControl "180+2"]

1. e4 c6 2. c4 d5 3. cxd5 cxd5 4. exd5 Nf6 5. Nc3 a6 6. d4 Bd7 7. Nf3 h6 8.
Bf4 Qb6 9. Qc2 g5 10. Bg3 Bg7 11. Bc4 O-O 12. h4 Nh5 13. hxg5 Nxg3 14. fxg3
Bg4 15. gxh6 Bxh6 16. Qe4 Bxf3 17. gxf3 Qf6 18. Bd3 Qh8 19. Kf2 f5 20. Qe6+
Rf7 21. Rxh6 Qxd4+ 22. Kg2 {Black forfeits on time} 1-0

[Event "ICC tourney 1979 (3 2)"]
[Site "Internet Chess Club"]
[Date "2020.08.28"]
[Round "7"]
[White "Jeffchess"]
[Black "VirginiaGuy"]
[Result "1-0"]
[ICCResult "Black forfeits on time"]
[WhiteElo "1299"]
[BlackElo "1242"]
[Opening "Four knights: Italian variation"]
[ECO "C47"]
[NIC "RG.01"]
[Time "21:32:42"]
[TimeControl "180+2"]

1. e4 e5 2. Nf3 Nf6 3. Nc3 Nc6 4. Bc4 Be7 5. Bxf7+ Kxf7 6. Nxe5+ Nxe5 7. f4
Ng6 8. e5 Ne8 9. O-O Rf8 10. d4 Kg8 11. f5 Nh8 12. Qh5 d6 13. e6 Nf6 14. Qh3
Qe8 15. Bg5 Qh5 16. Qxh5 Nxh5 17. Bxe7 Re8 18. f6 gxf6 19. Bxf6 Nxf6 20.
Rxf6 Rxe6 21. Raf1 Rxf6 22. Rxf6 Kg7 23. Rf3 Ng6 24. g3 Bg4 25. Rd3 Re8 26.
Nb5 Bh3 27. Nxc7 Rf8 28. Rd1 Rf7 29. Nb5 a6 30. Nxd6 Rc7 31. c3 Rd7 32. Nc4
Re7 33. Nd2 Re2 34. d5 Ne5 35. c4 Rg2+ 36. Kh1 Nd3 37. b3
{Black forfeits on time}
1-0

[Event "ICC tourney 1979 (3 2)"]
[Site "Internet Chess Club"]
[Date "2020.08.28"]
[Round "7"]
[White "hursha6b5"]
[Black "MIEMBR"]
[Result "1-0"]
[ICCResult "Black forfeits on time"]
[WhiteElo "1604"]
[BlackElo "1508"]
[Opening "Sicilian: Taimanov variation"]
[ECO "B48"]
[NIC "SI.40"]
[Time "21:32:44"]
[TimeControl "180+2"]

1. e4 c5 2. Nf3 e6 3. d4 cxd4 4. Nxd4 Nc6 5. Nc3 Qc7 6. Be3 a6 7. Qd2 Nf6 8.
O-O-O Bb4 9. f3 d5 10. a3 Bxc3 11. Qxc3 O-O 12. e5 Nd7 13. f4 Nb6 14. g4 Na4
15. Qd2 Nxd4 16. Bxd4 Nc5 17. Kb1 Ne4 18. Qe3 b5 19. Bd3 Bb7 20. Bxe4 dxe4
21. h4 Rac8 22. Rh2 Bd5 23. f5 exf5 24. gxf5 Qc4 25. b3 Qc7 26. f6 Qd7 27.
Qg5 g6 28. Qh6 {Black forfeits on time} 1-0

[Event "ICC tourney 1979 (3 2)"]
[Site "Internet Chess Club"]
[Date "2020.08.28"]
[Round "7"]
[White "wildrumpus"]
[Black "QueenHM"]
[Result "1-0"]
[ICCResult "Black checkmated"]
[WhiteElo "1304"]
[BlackElo "1373"]
[Opening "Queen's pawn game"]
[ECO "A45"]
[NIC "QP.07"]
[Time "21:32:39"]
[TimeControl "180+2"]

1. d4 Nf6 2. e3 g6 3. Be2 Bg7 4. Nf3 O-O 5. O-O c5 6. b3 cxd4 7. Nxd4 Nc6 8.
Nxc6 bxc6 9. Bb2 d5 10. c4 Qc7 11. Nc3 e5 12. cxd5 cxd5 13. Rc1 Qb7 14. Bf3
e4 15. Be2 Be6 16. Nb5 Rac8 17. Rxc8 Rxc8 18. Nd6 Qd7 19. Nxc8 Qxc8 20. Qd2
Ng4 21. Bxg7 Kxg7 22. Rc1 Qd7 23. Qc3+ Kh6 24. h3 Nxf2 25. Kxf2 Qe7 26. Qe5
a5 27. Rc7 Qg5 28. Qf4 Qxf4+ 29. exf4 d4 30. Ra7 e3+ 31. Ke1 Bf5 32. Rxa5 d3
33. g4 Be4 34. Bxd3 Bxd3 35. Re5 f5 36. g5+ Kh5 37. Rxe3 Be4 38. a4 h6 39.
gxh6 Kxh6 40. a5 Kh5 41. b4 Kh4 42. a6 g5 43. fxg5 Kxg5 44. a7 Kf4 45. Rxe4+
Kxe4 46. a8=Q+ Kf4 47. Qf8 Kg5 48. b5 Kh4 49. Qh8+ Kg3 50. b6 f4 51. b7 f3
52. Kf1 f2 53. b8=Q+ Kf3 54. Qhf8+ Ke3 55. Qe5+ Kd3 56. Qf3+ Kc4 57. Qff4+
Kd3 58. Qee3+ Kc2 59. Qc4+ Kb2 60. Qeb3+ Ka1 61. Qc1# {Black checkmated} 1-0

[Event "ICC tourney 1979 (3 2)"]
[Site "Internet Chess Club"]
[Date "2020.08.28"]
[Round "7"]
[White "sanjayselvam"]
[Black "drberkley"]
[Result "0-1"]
[ICCResult "White checkmated"]
[WhiteElo "1471"]
[BlackElo "1602"]
[Opening "Queen's pawn: London system"]
[ECO "A45"]
[NIC "QP.07"]
[Time "21:32:35"]
[TimeControl "180+2"]

1. d4 Nf6 2. Bf4 g6 3. e3 Bg7 4. Nf3 d6 5. c3 Nh5 6. Bg3 Nxg3 7. hxg3 Bf5 8.
Nbd2 d5 9. Qb3 b6 10. c4 e6 11. Be2 c6 12. Nh4 h5 13. cxd5 cxd5 14. Bb5+ Nd7
15. Rc1 O-O 16. Nxf5 gxf5 17. Rxh5 Rc8 18. Rxc8 Qxc8 19. Bxd7 Qxd7 20. Nf3
Rc8 21. Ne5 Bxe5 22. dxe5 Rc1+ 23. Ke2 Qc6 24. Rg5+ Kh7 25. Kd2 Rf1 26. Qb4
Qc1+ 27. Ke2 Qd1# {White checkmated} 0-1

[Event "ICC tourney 1979 (3 2)"]
[Site "Internet Chess Club"]
[Date "2020.08.28"]
[Round "7"]
[White "aryababu25"]
[Black "shrey16ultimate"]
[Result "0-1"]
[ICCResult "White forfeits on time"]
[WhiteElo "1365"]
[BlackElo "1445"]
[Opening "Nimzo-Indian: Spielmann variation"]
[ECO "E22"]
[NIC "NI.30"]
[Time "21:32:44"]
[TimeControl "180+2"]

1. d4 Nf6 2. c4 e6 3. Nc3 Bb4 4. Qb3 Bxc3+ 5. Qxc3 b6 6. Nf3 Bb7 7. Bg5 O-O
8. Nd2 h6 9. Bh4 d6 10. e3 Nbd7 11. Rd1 Qc8 12. Qc2 c5 13. Nb3 cxd4 14. Rxd4
d5 15. f3 b5 16. c5 a6 17. Bd3 Qc6 18. O-O Rac8 19. Rb1 Nxc5
{White forfeits on time}
0-1

[Event "ICC tourney 1979 (3 2)"]
[Site "Internet Chess Club"]
[Date "2020.08.28"]
[Round "7"]
[White "kurohaze"]
[Black "Aadarsh99"]
[Result "1-0"]
[ICCResult "Black checkmated"]
[WhiteElo "1390"]
[BlackElo "1272"]
[Opening "Queen's pawn game, Darooha variation "]
[ECO "D02"]
[NIC "QP.08"]
[Time "21:32:32"]
[TimeControl "180+2"]

1. d4 d5 2. Nf3 Nf6 3. g3 e6 4. Bg2 c5 5. c3 Nc6 6. O-O b6 7. Re1 Bb7 8.
Nbd2 Be7 9. e4 cxd4 10. cxd4 dxe4 11. Nxe4 O-O 12. Nxf6+ Bxf6 13. Be3 Qc7
14. Rc1 Rad8 15. Qa4 Qb8 16. Red1 Rd7 17. b4 Rfd8 18. b5 Na5 19. Ne5 Bxe5
20. dxe5 Bxg2 21. Kxg2 Qb7+ 22. Kg1 Rxd1+ 23. Rxd1 Qc7 24. Bf4 g6 25. h4 Kg7
26. Rd6 Rc8 27. Qd1 Nc4 28. Rd7 Qc5 29. Rxa7 Nxe5 30. a4 h5 31. Qa1 Kf6 32.
Bg5+ Kg7 33. Bf4 Kf6 34. Bg5+ Kg7 35. Be7 Qc1+ 36. Qxc1 Rxc1+ 37. Kg2 Ra1
38. Bd8 Nc4 39. Ra6 Kh6 40. Bxb6 Nxb6 41. Rxb6 Rxa4 42. Rb7 Ra8 43. Rxf7 Rb8
44. Rf6 Rxb5 45. Rxe6 Kg7 46. Re3 Kh6 47. f3 Rb2+ 48. Kh3 Kg7 49. g4 hxg4+
50. fxg4 Rb7 51. g5 Rf7 52. Kg4 Rb7 53. Re4 Rf7 54. h5 gxh5+ 55. Kxh5 Rf5
56. Re7+ Kg8 57. Kg6 Rf1 58. Re8+ Rf8 59. Re7 Rc8 60. Kf6 Rc6+ 61. Kf5 Ra6
62. g6 Rb6 63. Rc7 Ra6 64. Kg5 Rb6 65. Kh6 Rb1 66. Rc8# {Black checkmated}
1-0

[Event "ICC tourney 1979 (3 2)"]
[Site "Internet Chess Club"]
[Date "2020.08.28"]
[Round "7"]
[White "ztraynor"]
[Black "nbankulla"]
[Result "0-1"]
[ICCResult "White checkmated"]
[WhiteElo "1074"]
[BlackElo "1165"]
[Opening "Queen's pawn, Mason variation"]
[ECO "D00"]
[NIC "QP.08"]
[Time "21:32:33"]
[TimeControl "180+2"]

1. d4 d5 2. Bf4 Nf6 3. e3 Nc6 4. Bd3 e6 5. Nf3 Bd6 6. Bg3 O-O 7. c3 Re8 8.
Nbd2 e5 9. dxe5 Bxe5 10. Nxe5 Nxe5 11. Bxe5 Rxe5 12. Nf3 Re8 13. O-O Bg4 14.
h3 Bh5 15. g4 Bg6 16. Bxg6 hxg6 17. Re1 Nh7 18. h4 g5 19. h5 Qd7 20. Nd4 Nf6
21. f3 c5 22. Nf5 Rad8 23. b4 cxb4 24. cxb4 Qb5 25. a3 Qb6 26. Nd4 Re5 27.
f4 gxf4 28. g5 Rxg5+ 29. Kf2 Ng4+ 30. Kf3 fxe3 31. Rg1 Nh2+ 32. Kxe3 Re8+
33. Kf4 Qf6+ 34. Nf5 Qxf5# {White checkmated} 0-1

[Event "ICC tourney 1979 (3 2)"]
[Site "Internet Chess Club"]
[Date "2020.08.28"]
[Round "7"]
[White "BillietheKid"]
[Black "oxdidi"]
[Result "1-0"]
[ICCResult "Black checkmated"]
[WhiteElo "1461"]
[BlackElo "1138"]
[Opening "Ruy Lopez: Anderssen variation"]
[ECO "C77"]
[NIC "RL.12"]
[Time "21:32:48"]
[TimeControl "180+2"]

1. e4 e5 2. Nf3 Nc6 3. Bb5 a6 4. Ba4 Nf6 5. d3 b5 6. Bb3 Bb7 7. c3 Bc5 8.
O-O O-O 9. Be3 Bb6 10. Re1 h6 11. Nbd2 Re8 12. Nf1 d6 13. Ng3 Qd7 14. Nf5 a5
15. N3h4 a4 16. Bc2 Bc8 17. Qf3 Qd8 18. Qg3 Nh5 19. Qf3 Bxf5 20. Nxf5 Bxe3
21. fxe3 Qf6 22. Qxh5 Ne7 23. Rf1 Kh7 24. Nxe7 Rxe7 25. Rxf6 gxf6 26. Rf1
Rg8 27. Rxf6 Rg6 28. Rxg6 fxg6 29. Qh4 Rf7 30. d4 exd4 31. exd4 g5 32. Qh5
Kg7 33. e5 dxe5 34. Qg6+ Kf8 35. dxe5 Ke7 36. Qxh6 g4 37. Qg5+ Ke6 38. Qxg4+
Kxe5 39. Qh5+ Ke6 40. Be4 Rf4 41. Bc6 Rc4 42. Qd5+ Ke7 43. Bxb5 Rf4 44. Qe5+
Kd8 45. Qxf4 Kc8 46. Bxa4 c6 47. Bxc6 Kd8 48. Qd6+ Kc8 49. Qd7+ Kb8 50. Qb7#
{Black checkmated}
1-0

[Event "ICC tourney 1979 (3 2)"]
[Site "Internet Chess Club"]
[Date "2020.08.28"]
[Round "7"]
[White "Checkmatestone"]
[Black "OctopusYule"]
[Result "0-1"]
[ICCResult "White resigns"]
[WhiteElo "1444"]
[BlackElo "1635"]
[Opening "Evans gambit"]
[ECO "C52"]
[NIC "IG.05"]
[Time "21:32:37"]
[TimeControl "180+2"]

1. e4 e5 2. Nf3 Nc6 3. Bc4 Bc5 4. b4 Bxb4 5. c3 Ba5 6. d4 exd4 7. O-O Nf6 8.
e5 d5 9. Bb5 Ne4 10. cxd4 O-O 11. Bxc6 bxc6 12. Qa4 Bb6 13. Qxc6 Bg4 14. Ba3
Bxf3 15. gxf3 Ng5 16. Qc3 Re8 17. Nd2 Nh3+ 18. Kh1 Qh4 19. Qe3 Bxd4 20. Qe2
Nxf2+ 21. Rxf2 Qxf2 22. Qxf2 Bxf2 23. Bb2 Rab8 24. Rf1 Rxb2 25. Rxf2 Rxa2
26. Kg2 h6 27. f4 Rb8 28. Kf3 Rbb2 29. Ke3 Ra3+ 30. Kd4 Raa2 31. Kc3 d4+ 32.
Kd3 c5 33. Re2 c4+ 34. Kxd4 Rxd2+ 35. Rxd2 Rxd2+ 36. Kxc4 a5 37. Kb5 Ra2 38.
f5 Ra1 39. h4 a4 40. Kb4 Kf8 41. h5 Ke7 42. Kc3 Re1 43. Kb4 Rxe5 44. Kxa4
Rxf5 {White resigns} 0-1

[Event "ICC tourney 1979 (3 2)"]
[Site "Internet Chess Club"]
[Date "2020.08.28"]
[Round "7"]
[White "ab4gm"]
[Black "AJRChess2011"]
[Result "1-0"]
[ICCResult "Black resigns"]
[WhiteElo "1357"]
[BlackElo "1346"]
[Opening "Sicilian defense"]
[ECO "B30"]
[NIC "SI.31"]
[Time "21:32:54"]
[TimeControl "180+2"]

1. e4 c5 2. Nf3 Nc6 3. Nc3 g6 4. Bc4 Bg7 5. d3 Nf6 6. Be3 d6 7. Nd5 O-O 8.
O-O Nxd5 9. Bxd5 Bxb2 10. Rb1 Bg7 11. Qd2 e6 12. Bxc6 bxc6 13. Bh6 d5 14.
exd5 cxd5 15. Bxg7 Kxg7 16. Qc3+ d4 17. Qxc5 Bd7 18. Qxd4+ Kg8 19. Ne5 Bc8
20. Qxd8 Rxd8 21. Nc6 Rd6 22. Ne7+ Kg7 23. Nxc8 Rxc8 24. Rfc1 Ra6 25. Ra1
Rac6 26. c4 Rd6 27. Rc3 e5 28. g3 f5 29. Re1 Kf6 30. Ra3 Rb6 31. Rxa7 Rd6
32. Rd1 Rcd8 33. Ra3 e4 34. c5 Rxd3 35. Raxd3 exd3 36. c6 Rc8 37. Rxd3 Rxc6
38. Rb3 Kg5 39. a4 Kg4 40. Rb4+ Kh3 41. Rb1 g5 42. a5 Ra6 43. Ra1 f4 44.
gxf4 gxf4 45. Ra3+ Kg4 46. Kg2 h5 47. h3+ Kf5 48. Ra4 h4 49. Kf3 Ke5 50.
Re4+ Kd5 51. Rxf4 Rxa5 52. Rf5+ {Black resigns} 1-0

[Event "ICC tourney 1979 (3 2)"]
[Site "Internet Chess Club"]
[Date "2020.08.28"]
[Round "7"]
[White "strangerthingz"]
[Black "Snuffleupegus"]
[Result "0-1"]
[ICCResult "White resigns"]
[WhiteElo "1342"]
[BlackElo "1513"]
[Opening "King's pawn opening"]
[ECO "B07"]
[NIC "VO.17"]
[Time "21:32:43"]
[TimeControl "180+2"]

1. e4 d6 2. Nf3 g6 3. Bc4 Bg7 4. d3 Nf6 5. Nc3 Nc6 6. Bg5 O-O 7. O-O h6 8.
Be3 e5 9. h3 Na5 10. Bb3 Nxb3 11. axb3 a6 12. Qd2 Kh7 13. Nh2 Nh5 14. Ne2 f5
15. exf5 gxf5 16. d4 f4 17. Qd3+ Bf5 18. Qc3 fxe3 19. g4 Qg5 20. Nf3 exf2+
21. Kh1 Be4 22. Rxf2 Nf4 23. Kh2 Bxf3 24. Rxf3 Nxe2 25. Qd3+ Kh8 26. Qxe2
Rxf3 27. Qxf3 Rf8 28. Qe2 Qf4+ 29. Kh1 Qxd4 30. c3 Qf4 31. Rg1 Qf3+ 32. Qxf3
Rxf3 33. Kh2 e4 34. Kg2 Be5 35. Re1 Rg3+ 36. Kf2 d5 37. c4 c6 38. b4 Rxh3
39. b5 Bg3+ 40. Kg2 Bxe1 41. Kxh3 axb5 42. cxd5 cxd5 43. Kg2 Kg7 44. Kf1 Ba5
45. Ke2 Kf6 46. Ke3 Ke5 47. b3 Bb6+ 48. Ke2 e3 49. b4 Ke4 50. Kd1 d4 51. g5
hxg5 52. Ke1 g4 53. Kf1 g3 54. Ke2 d3+ 55. Ke1 g2 {White resigns} 0-1

[Event "ICC tourney 1979 (3 2)"]
[Site "Internet Chess Club"]
[Date "2020.08.28"]
[Round "7"]
[White "auggie29"]
[Black "UltimateDL"]
[Result "1-0"]
[ICCResult "Black resigns"]
[WhiteElo "1264"]
[BlackElo "1232"]
[Opening "English opening"]
[ECO "A05"]
[NIC "QP.11"]
[Time "21:32:40"]
[TimeControl "180+2"]

1. Nf3 Nf6 2. c4 g6 3. e3 Bg7 4. d4 d6 5. Nc3 O-O 6. Bd3 Bg4 7. h3 Be6 8.
O-O Nbd7 9. Qc2 Nb6 10. b3 Nbd7 11. d5 Bf5 12. Bxf5 gxf5 13. Qxf5 Nxd5 14.
cxd5 Bxc3 15. Qg4+ Bg7 16. Bb2 f6 17. h4 Ne5 18. Qg3 Qd7 19. Nd4 c5 20. Ne6
Rf7 21. h5 Nd3 22. Bc3 Kh8 23. Rad1 Qb5 24. a4 Qa6 25. Nc7 Qb6 26. Nxa8 Ne5
27. Bxe5 Qxb3 28. Bf4 Qxa4 29. Nc7 Qa5 30. Ne6 b6 31. h6 Bf8 32. Nxf8
{Black resigns}
1-0

[Event "ICC tourney 1979 (3 2)"]
[Site "Internet Chess Club"]
[Date "2020.08.28"]
[Round "7"]
[White "rcsong"]
[Black "SuperBlueSky"]
[Result "1-0"]
[ICCResult "Black forfeits on time"]
[WhiteElo "1451"]
[BlackElo "1358"]
[Opening "English: Mikenas-Carls, Flohr variation"]
[ECO "A18"]
[NIC "EO.57"]
[Time "21:32:34"]
[TimeControl "180+2"]

1. c4 e6 2. Nc3 Nf6 3. e4 d5 4. e5 Nfd7 5. d4 Bb4 6. a3 Bxc3+ 7. bxc3 c6 8.
Nf3 O-O 9. cxd5 exd5 10. Bd3 Re8 11. Bxh7+ Kxh7 12. Ng5+ Kg8 13. Qh5 Nf6 14.
Qxf7+ Kh8 15. O-O Re7 16. Qg6 Qe8 17. Qd3 Ne4 18. Nxe4 dxe4 19. Qxe4 Qh5 20.
f4 Bf5 21. Qe3 Nd7 22. h3 Nf6 23. g4 Bxg4 24. hxg4 Qxg4+ 25. Kf2 Nd5 26. Qd3
Nxf4 27. Rh1+ Nh3+ 28. Rxh3+ Kg8 29. Qh7+ Kf7 30. Rf3+ Ke6 31. Qd3 Kd7 32.
Qf5+ Qxf5 33. Rxf5 g6 34. Rf6 Rh8 35. Kg2 Rg7 36. a4 g5 37. Ba3
{Black forfeits on time}
1-0

[Event "ICC tourney 1979 (3 2)"]
[Site "Internet Chess Club"]
[Date "2020.08.28"]
[Round "7"]
[White "challenger2010"]
[Black "Alec-hine"]
[Result "1-0"]
[ICCResult "Black resigns"]
[WhiteElo "2023"]
[BlackElo "1690"]
[Opening "French: advance, Paulsen attack"]
[ECO "C02"]
[NIC "FR.03"]
[Time "21:32:32"]
[TimeControl "180+2"]

1. e4 e6 2. d4 d5 3. e5 c5 4. c3 Nc6 5. Nf3 Qb6 6. g3 cxd4 7. cxd4 Nh6 8.
Bh3 Bb4+ 9. Nc3 Nf5 10. Bxf5 exf5 11. O-O Be6 12. Ne2 O-O 13. Nf4 Rae8 14.
Nh5 Be7 15. Bh6 gxh6 16. Qc1 Kh8 17. Qxh6 Rg8 18. Nf6 Bxf6 19. exf6 Rg6 20.
Qh4 Qd8 21. Ng5 h6 22. Nh3 Qxf6 23. Qh5 Nxd4 24. Nf4 Rg5 25. Qd1 Nc6 26. Qb3
b6 27. Qa4 Rc8 28. Rac1 Ne7 29. Qxa7 d4 30. Rxc8+ Nxc8 31. Qa8 Kh7 32. Rc1
Nd6 33. h4 Rg4 34. Qf8 Rxf4 35. gxf4 Ne4 36. Rc7 Qxh4 37. Rxf7+ Bxf7 38.
Qxf7+ Kh8 39. Qf8+ Kh7 40. Qxf5+ Kg7 41. Qxe4 Qg4+ 42. Kf1 Qd1+ 43. Kg2 Qg4+
44. Kh2 Qh4+ 45. Kg1 Qg4+ 46. Qg2 Qxg2+ 47. Kxg2 Kf6 48. a4 h5 49. b4 Ke6
50. a5 bxa5 51. bxa5 Kd6 52. f5 h4 53. a6 h3+ 54. Kxh3 d3 55. a7 d2 56. a8=Q
{Black resigns}
1-0

[Event "ICC tourney 1979 (3 2)"]
[Site "Internet Chess Club"]
[Date "2020.08.28"]
[Round "7"]
[White "NonnaThat"]
[Black "EsatERGIN"]
[Result "1-0"]
[ICCResult "Black resigns"]
[WhiteElo "1869"]
[BlackElo "1657"]
[Opening "Ruy Lopez: modern Steinitz defense, 5.O-O"]
[ECO "C72"]
[NIC "RL.10"]
[Time "21:32:43"]
[TimeControl "180+2"]

1. e4 e5 2. Nf3 Nc6 3. Bb5 a6 4. Ba4 d6 5. O-O Bd7 6. c3 g6 7. d4 Bg7 8.
dxe5 dxe5 9. Be3 Nge7 10. Qe2 O-O 11. Rd1 Nd4 12. cxd4 Bxa4 13. b3 Bb5 14.
Qe1 exd4 15. Nxd4 Bd7 16. Nc3 c5 17. Nf3 Qa5 18. Rac1 Bc6 19. Bd2 Qc7 20. g3
Rad8 21. Bf4 Qb6 22. Qe3 Bd4 23. Qe2 Rfe8 24. Nxd4 cxd4 25. Na4 Bxa4 26.
bxa4 Nd5 27. Bd2 Nf6 28. a5 Qb2 29. f3 d3 30. Qe3 Qxa2 31. Qf4 Qe6 32. Rc7
Nh5 33. Qe3 f5 34. Rxb7 fxe4 35. fxe4 Qxe4 36. Qa7 Qe2 37. Rbb1 Rf8 38. Bh6
Rf7 39. Qb6 Re8 40. Re1 Qxe1+ 41. Rxe1 Rxe1+ 42. Kg2 Re2+ 43. Kh3 Nf6 44.
Qd8+ Re8 45. Qxd3 Rd7 46. Qc4+ Kh8 47. Qxa6 Rd5 48. Qxf6+ {Black resigns}
1-0